 Dungeon Crawl Stone Soup version 0.26.1-12-g5ba1501909 (webtiles) character file.

Game seed: 5567000217847405995

47 alasdair19 the Skirmisher (level 3, 0/29 HPs)
             Began as a Mummy Chaos Knight on Nov 28, 2021.
             Was a Plaything of Xom.
             Slain by ABBCCCDDDD's ghost (3 damage)
             ... on level 3 of the Dungeon.
             The game lasted 00:12:20 (1587 turns).

alasdair19 the Skirmisher (Mummy Chaos Knight)      Turns: 1587, Time: 00:12:21

Health: 0/29       AC:  5    Str: 16    XL:     3   Next: 48%
Magic:  3/3        EV: 11    Int: 11    God:    Xom [.....*]
Gold:   39         SH:  0    Dex: 11    Spells: 2/2 levels left

rFire    x . .     SeeInvis .   a - +0 falchion (chaos)
rCold    + . .     Faith    .   (no shield)
rNeg     + + +     Spirit   .   b - +2 leather armour
rPois    ∞         Reflect  .   (no helmet)
rElec    .         Harm     .   (no cloak)
rCorr    .         Rampage  .   (no gloves)
Will     .....                  (no boots)
Stlth    +.........             (no amulet)
HPRegen  0.09/turn              (no ring)
MPRegen  0.08/turn              (no ring)

@: no status effects
A: no potions, fire vulnerability, cold resistance 1, negative energy resistance
3, torment resistance, unbreathing
a: Renounce Religion


You were on level 3 of the Dungeon.
You worshipped Xom.
You were Xom's teddy bear.
You visited 1 branch of the dungeon, and saw 3 of its levels.

You collected 39 gold pieces.

Inventory:

Hand Weapons
 a - a +0 falchion of chaos (weapon)
 e - a +0 hunting sling
Missiles
 g - 59 sling bullets
 i - 95 stones (quivered)
 n - 13 arrows
Armour
 b - a +2 leather armour (worn)
Scrolls
 c - a scroll of fear {unknown}
 d - 3 scrolls of identify {unknown}
 f - 2 scrolls of magic mapping {unknown}
 j - a scroll of remove curse {unknown}
 l - 2 scrolls of fog {unknown}
 m - 2 scrolls of enchant armour {unknown}
 p - a scroll of amnesia {unknown}
Potions
 h - a potion of attraction {unknown}
 k - a potion of curing {unknown}
 o - a potion of lignification {unknown}


   Skills:
 + Level 3.4 Fighting
 + Level 3.1 Long Blades
 + Level 1.9 Armour
 + Level 0.8 Dodging
 + Level 0.5 Stealth


You had 2 spell levels left.
You didn't know any spells.
Your spell library was empty.

Dungeon Overview and Level Annotations

Branches:
Dungeon (2/15)

Altars:
Okawaru

Annotations:
D:3 ABBCCCDDDD's ghost, amateur GrNe


Innate Abilities, Weirdness & Mutations

You do not drink.
Your flesh is vulnerable to fire.
You are immune to poison.
Your flesh is cold resistant. (rC+)
You are immune to negative energy. (rN+++)
You are immune to unholy pain and torment.
You can survive without breathing.


Message History

ABBCCCDDDD's ghost misses you.
You hit ABBCCCDDDD's ghost but do no damage.
ABBCCCDDDD's ghost hits you.
You closely miss ABBCCCDDDD's ghost. ABBCCCDDDD's ghost hits you.
ABBCCCDDDD's ghost closely misses you.
You hit ABBCCCDDDD's ghost but do no damage.
ABBCCCDDDD's ghost hits you.
You hit ABBCCCDDDD's ghost but do no damage.
ABBCCCDDDD's ghost hits you!
* * * LOW HITPOINT WARNING * * *
You hit ABBCCCDDDD's ghost but do no damage.
Space warps horribly around ABBCCCDDDD's ghost!!
ABBCCCDDDD's ghost is severely damaged.
ABBCCCDDDD's ghost barely misses you.
You riposte.
You hit ABBCCCDDDD's ghost but do no damage.
ABBCCCDDDD's ghost is severely damaged.
Xom momentarily opens a gate.
You are now Xom's teddy bear.
ABBCCCDDDD's ghost hits you.
You die... "It was about time."

## .. ### #.
####.≈## ##.
#.#..#≈# ..
##5#.⌠.≈## #.
#..W5..$.#
#.#####.@'§#..##
#
#........#§≈§.≈#
#.###
####.###5#§.§###
....# #.#
###§##.# ....#
#.# ## # ....#
#.# ....##
#####.# .....#
#.....# #....#
#.#####


You could see ABBCCCDDDD's ghost, a friendly iron imp (summoned), a friendly
crimson imp (summoned) and a friendly shadow imp (summoned).

Vanquished Creatures
  An adder (D:2)
  A dart slug (D:2)
  2 orcs (D:3)
  2 bats (D:1)
  2 giant cockroaches (D:1)
  6 goblins
  4 hobgoblins
  4 frilled lizards (D:1)
  7 kobolds
  4 rats
33 creatures vanquished.

Notes
Turn   | Place    | Note
-------+----------+-------------------------------------------
     0 | D:1      | alasdair19 the Mummy Chaos Knight began the quest for the
                  | Orb.
     0 | D:1      | Reached XP level 1. HP: 18/18 MP: 1/1
    80 | D:1      | XOM: potion effect (invisibility)
    84 | D:1      | XOM: silly message
    91 | D:1      | Reached XP level 2. HP: 12/24 MP: 2/2
   185 | D:1      | XOM: silly message
   405 | D:1      | XOM: divination: detect items
   905 | D:2      | XOM: divination: detect items
   975 | D:2      | XOM: cloud trail
   990 | D:2      | XOM: noise
  1137 | D:2      | Reached XP level 3. HP: 26/29 MP: 3/3
  1352 | D:2      | XOM: silly message
  1391 | D:2      | You fall into a shaft and drop 1 floor!
  1427 | D:3      | Found an iron altar of Okawaru.
  1563 | D:3      | Found a large runed translucent door.
  1563 | D:3      | Found a large runed translucent door.
  1573 | D:3      | Noticed ABBCCCDDDD's ghost (amateur GrNe)
  1587 | D:3      | XOM: summons 3 friendly demons
  1587 | D:3      | Slain by ABBCCCDDDD's ghost

Illustrated notes

Levels and vault maps discovered:
D:1:      heliophobic_arrival_glass_houses, layout_rooms
D:2:      layout_loops_corners
D:3:      minmay_roachtagon, layout_loops_cross, okawaru_ov_weapons_minmay,
          nemelex_xobeh_ov_fountains_minmay, lemuel_doored_altar,
          ebering_ghost_disaster_area, chequers_ecumenical_altar_island,
          grunt_qazlal_clouds

Skill      XL: |  1  2 |
---------------+-------+-----
Long Blades    | 3 |  3.1
Fighting       | |  3.4
Armour         | |  1.9
Dodging        | |  0.8
Stealth        | |  0.5

Action                   || total
-------------------------++-------
Melee: Falchion          ||    83
 Fire: Hunting sling     ||     2
Throw: Stone             ||    14
 Stab: Invisible         ||     3
       Petrifying        ||     1
       Paralysed         ||     2
Armor: Leather armour    ||    33
Dodge: Dodged            ||    88
       Rpst.: Falchion   ||    26
